AoeStats
← FxFlashmob

Hideout

508754334Analyzed
1v1 RM · 8d ago on Sep 23, 2026· 37m 32s· 2 players
Game mode
Random Map
Map size
Tiny (2 player)
Population
200
Speed
Normal
Resources
Standard
Victory
Conquest
Starting age
Dark Age
Ending age
Imperial Age
RankedLock teamsTeams togetherTeam positionsShared explorationLock speedFull tech treeHidden civsTurbo modeCheats
Victory
Defeat
🇩🇪 Chinese · Germany
1327
+14
🇧🇷 Malay · Brazil
1277
-14
Fiaboi_
12:21 Feudal Age
15:41 Castle Age
20:04 Husbandry
25:07 Scale Barding Armor
28:39 Forging
31:13 Fletching
31:42 Crossbowman
32:22 Horse Collar
33:02 Double-Bit Axe
34:26 Bodkin Arrow
FxFlashmob
0:36 Loom
8:56 Feudal Age
9:21 Double-Bit Axe
10:38 Horse Collar
14:01 Fletching
20:27 Castle Age
23:24 Pikeman
24:06 Gold Mining
26:44 Scale Mail Armor
31:28 Squires
31:14 Arson
32:27 Crossbowman
33:05 Bodkin Arrow
33:23 Forging
33:33 Chain Mail Armor
34:52 Wheelbarrow
35:40 Bow Saw
Connection lost

Rejoining the realm…

Still unreachable

The connection could not be restored.

Session expired

The server has moved on; the page needs a fresh start.